 Dungeon Crawl Stone Soup version 0.29.1-15-g9cfb28693d (webtiles) character file.

Game seed: 4896322164552681982

709 Peloso the Slasher (level 7, -3/60 HPs)
             Began as a Minotaur Fighter on Mar 10, 2023.
             Slain by a lemure (6 damage)
             ... led by Pikel
             ... on level 5 of the Dungeon.
             The game lasted 00:05:45 (3250 turns).

Peloso the Slasher (Minotaur Fighter)               Turns: 3250, Time: 00:05:45

Health: -3/60      AC: 11    Str: 21    XL:     7   Next: 40%
Magic:  6/6        EV: 10    Int:  5    God:
Gold:   228        SH:  5    Dex: 11    Spells: 6/6 levels left

rFire   . . .      SeeInvis .   a - +1 long sword (freeze)
rCold   . . .      Faith    .   d - +0 buckler
rNeg    + . .      Spirit   .   b - +1 scale mail
rPois   .          Reflect  .   (helmet restricted)
rElec   .          Harm     .   r - +0 cloak
rCorr   .          Rampage  .   c - +0 pair of gloves
Will    +....                   (no boots)
Stlth   ..........              (no amulet)
HPRegen 0.20/turn               g - ring of positive energy
MPRegen 0.10/turn               m - ring of willpower

@: mighty
A: horns 2, retaliatory headbutt
a: no special abilities


You were on level 5 of the Dungeon.
You visited 1 branch of the dungeon, and saw 5 of its levels.

You collected 228 gold pieces.

Inventory:

Hand Weapons
 a - a +1 long sword of freezing (weapon)
Armour
 b - a +1 scale mail (worn)
 c - a +0 pair of gloves (worn)
 d - a +0 buckler (worn)
 r - a +0 cloak (worn)
Jewellery
 g - a ring of positive energy (left hand)
 m - a ring of willpower (right hand)
 o - a +6 ring of intelligence
Wands
 k - a wand of flame (15)
 n - a wand of digging (5)
Scrolls
 e - 3 scrolls of enchant armour
 l - a scroll of torment {unknown}
 p - a scroll of blinking
 q - a scroll of poison {unknown}
Potions
 f - 2 potions of might
 h - a potion of invisibility {unknown}
 i - 2 potions of curing {unknown}
 j - a potion of haste {unknown}


   Skills:
 + Level 4.8 Fighting
 + Level 6.2 Long Blades
 + Level 6.1 Armour
 + Level 2.1 Dodging
 + Level 1.4 Stealth
 + Level 5.1 Shields
 + Level 0.2 Evocations


You had 6 spell levels left.
You didn't know any spells.
Your spell library contained the following spells:

 Spells                   Type           Power      Damage    Failure   Level
 Passage of Golubria      Tloc           0%         N/A       100%        4
 Silence                  Hex/Air        0%         N/A       100%        5
 Summon Forest            Summ/Tloc      0%         N/A       100%        5
 Summon Mana Viper        Hex/Summ       0%         N/A       100%        5
 Summon Cactus Giant      Summ           0%         N/A       100%        6
 Lehudib's Crystal Spear  Conj/Erth      0%         10d2      100%        8


Dungeon Overview and Level Annotations

Branches:
Dungeon (5/15)
 Temple: D:4-7

Altars:
Cheibriados
Nemelex Xobeh
Qazlal
Ru
Yredelemnul

Shops:
D:3 =


Innate Abilities, Weirdness & Mutations

You have a pair of horns on your head.
You reflexively headbutt those who attack you in melee.


Message History

You closely miss the hornet.
The hornet is moderately wounded.
The hornet stings you but does no damage. x2
You closely miss the hornet.
The hornet is moderately wounded.
The hornet closely misses you.
Edmund drinks a potion.
Edmund seems to grow stronger.
The hornet barely misses you. You furiously retaliate!
You headbutt the hornet! You slash the hornet! You freeze the hornet.
You kill the hornet!
Your Long Blades skill increases to level 6!
Your Dodging skill increases to level 2!
You have reached level 7!
You slice Edmund!! You freeze Edmund!
Edmund is severely wounded.
Edmund hits you with a +1 dire flail of protection!
You barely miss Edmund.
Edmund is severely wounded.
Edmund hits you with a +1 dire flail of protection!
You hit Edmund. You freeze Edmund.
Edmund is severely wounded.
You block Edmund's attack.
You closely miss Edmund. You headbutt Edmund!
Edmund is almost dead.
Edmund hits you with a +1 dire flail of protection!
* * * LOW HITPOINT WARNING * * *
You hit Edmund but do no damage.
Edmund is almost dead.
Edmund hits you with a +1 dire flail of protection!
* * * LOW HITPOINT WARNING * * *
You hit Edmund. You freeze Edmund.
You kill Edmund!
Your Armour skill increases to level 6!
Your Shields skill increases to level 5!
You miss the lemure. The lemure hits you.
* * * LOW HITPOINT WARNING * * *
The lemure hits you.
* * * LOW HITPOINT WARNING * * *
You barely miss the lemure. The lemure hits you.
You die...

#.######.#####.#.#
#............#.#.#
......##.###.#.#.#
......##.....#.#.# #
.........$.###.#.#?#
.#.........)...#.#.#
.#.........#@......#
.#.........#.###5###
..........!#.# #@#
..##+#######..$..#
..# #..###<# ...
#..# #.# .... ....
..# .#..# #.# .#..#
### # #...


You could see a lemure.

Vanquished Creatures
  A hornet (D:5)
  Edmund (D:5)
  A centaur (D:5)
  A scorpion (D:5)
  A howler monkey (D:5)
  2 hounds (D:5)
  An orc priest (D:5)
  Ijyb (D:5)
  5 adders
  2 worms
  2 dart slugs
  3 orcs (D:5)
  2 bats
  2 endoplasms (D:1)
  4 giant cockroaches
  4 goblins
  5 hobgoblins
  6 jackals
  6 kobolds
  2 quokkas
  5 ball pythons
  3 frilled lizards
  2 rats
62 creatures vanquished.

Notes
Turn   | Place    | Note
-------+----------+-------------------------------------------
     0 | D:1      | Peloso the Minotaur Fighter began the quest for the Orb.
     0 | D:1      | Reached XP level 1. HP: 19/19 MP: 0/0
   298 | D:1      | Found a faded altar of an unknown god.
   335 | D:1      | Reached XP level 2. HP: 27/27 MP: 1/1
   994 | D:2      | Reached XP level 3. HP: 30/33 MP: 2/2
  1104 | D:2      | Found a sparkling altar of Nemelex Xobeh.
  1737 | D:3      | Reached XP level 4. HP: 39/40 MP: 3/3
  1993 | D:3      | Found Isouk's Jewellery Shoppe.
  2433 | D:4      | Found a snail-covered altar of Cheibriados.
  2484 | D:4      | Found a stormy altar of Qazlal.
  2525 | D:4      | Noticed a scorpion
  2530 | D:5      | Entered Level 5 of the Dungeon
  2809 | D:5      | Noticed a scorpion
  2820 | D:5      | Killed a scorpion
  2821 | D:5      | Reached skill level 1 in Dodging
  2821 | D:5      | Reached XP level 5. HP: 38/46 MP: 4/4
  2942 | D:5      | Noticed Ijyb
  2951 | D:5      | Killed Ijyb
  3030 | D:5      | Found a sacrificial altar of Ru.
  3098 | D:5      | Reached skill level 5 in Armour
  3098 | D:5      | Reached skill level 1 in Stealth
  3108 | D:5      | Reached XP level 6. HP: 47/53 MP: 5/5
  3130 | D:5      | Found a basalt altar of Yredelemnul.
  3134 | D:5      | Reached skill level 5 in Long Blades
  3230 | D:5      | Noticed Edmund
  3230 | D:5      | Noticed a hornet
  3242 | D:5      | Killed a hornet
  3243 | D:5      | Reached XP level 7. HP: 56/60 MP: 6/6
  3248 | D:5      | Killed Edmund
  3249 | D:5      | Reached skill level 5 in Shields
  3249 | D:5      | HP: 3/60 [lemure[Pikel] (5)]
  3250 | D:5      | Slain by a lemure

Illustrated notes

Levels and vault maps discovered:
D:1:      pf_arrival_petrified_forest, layout_loops_ring,
          shapermc_ecumenical_altar_mp_ritualfount
D:2:      layout_loops_ring, basic_altar
D:3:      layout_basic, serial_shops, shop_fountains, kennysheep_doodads
D:4:      layout_basic, mainiacjoe_overflow_paths, grunt_qazlal_clouds,
          zin_purify, uniq_sigmund
D:5:      layout_basic, marbit_many_paths, overflow_temple_1_default, uniq_ijyb,
          uniq_pikel, uniq_edmund

Skill      XL: |  1  2  3  4  5  6  7 |
---------------+----------------------+-----
Armour         | 4 5 6 |  6.1
Shields        | 4 5 |  5.1
Long Blades    | 3 4 6 |  6.2
Fighting       | 4 |  4.8
Dodging        | 1 2 |  2.1
Stealth        | 1 |  1.4
Evocations     | |  0.2

Action                   |  1- 3 |  4- 6 |  7- 9 || total
-------------------------+-------+-------+-------++-------
Melee: Long sword        |    94 |    58 |     8 ||   160
       Headbutt          |    14 |    10 |     1 ||    25
Evoke: Wand              |       |     2 |       ||     2
  Use: Scroll            |     4 |     5 |       ||     9
       Potion            |       |     1 |       ||     1
Armor: Scale mail        |    43 |    31 |       ||    74
Dodge: Dodged            |    33 |    21 |       ||    54
Block: Buckler           |    28 |    12 |     1 ||    41
